 Dungeon Crawl Stone Soup version 0.19.0-2-gae57169 (webtiles) character file.

149 thrall606 the Firebug (level 5, -2/36 HPs)
             Began as a Demonspawn Fire Elementalist on Nov 5, 2016.
             Slain by removeelyvilon's ghost (5 damage)
             ... on level 4 of the Dungeon.
             The game lasted 00:16:22 (2731 turns).

thrall606 the Firebug (DsFE)                        Turns: 2731, Time: 00:16:23

Health: -2/36      AC:  5    Str:  9    XL:     5   Next: 9%
Magic:  8/8        EV: 12    Int: 17    God:
Gold:   202        SH:  0    Dex: 13    Spells: 4 memorised, 2 levels left

rFire  . . .     SeeInvis .     n - +3 short sword
rCold  . . .     Gourm    .     a - +0 robe
rNeg   . . .     Faith    .     (no shield)
rPois  .         Spirit   .     (helmet restricted)
rElec  .         Reflect  .     h - +0 cloak
rCorr  .         Harm     .     (no gloves)
MR     .....                    (no boots)
Stlth  ++........               (no amulet)
                                (no ring)
                                (no ring)

@: slowed, very slow
A: antennae 1, molten scales 1
a: no special abilities


You were on level 4 of the Dungeon.
You were not hungry.

You visited 1 branch of the dungeon, and saw 4 of its levels.

You collected 202 gold pieces.

Inventory:

Hand Weapons
 e - a +0 club
 f - a +0 short sword
 n - a +3 short sword (weapon)
Missiles
 k - 6 poisoned tomahawks (quivered)
Armour
 a - a +0 robe (worn)
 d - a +0 robe
 h - a +0 cloak (worn)
 l - +0 ice dragon scales
Jewellery
 i - a cursed ring of loudness {unknown}
Scrolls
 m - 2 scrolls of fog
Potions
 g - a potion of curing {unknown}
 q - a potion of magic {unknown}
 t - a potion of flight {unknown}
Books
 b - a book of Flames

   Spells                             Type                      Level
   a - Flame Tongue                   Conjuration/Fire             1
   b - Throw Flame                    Conjuration/Fire             2
   c - Conjure Flame                  Conjuration/Fire             3
   d - Inner Flame                    Hexes/Fire                   3
   e - Sticky Flame                   Conjuration/Fire             4
   f - Fireball                       Conjuration/Fire             5
 p - a book of Misfortune

   Spells                             Type                      Level
   a - Confusing Touch                Hexes                        1
   b - Confuse                        Hexes                        3
   c - Gell's Gravitas                Hexes/Translocation          3
   d - Petrify                        Transmutation/Earth          4
   e - Metabolic Englaciation         Hexes/Ice                    5
   f - Yara's Violent Unravelling     Hexes/Transmutation          5
 s - a book of Minor Magic

   Spells                             Type                      Level
   a - Magic Dart                     Conjuration                  1
   b - Blink                          Translocation                2
   c - Call Imp                       Summoning                    2
   d - Repel Missiles                 Charms/Air                   2
   e - Slow                           Hexes                        2
   f - Conjure Flame                  Conjuration/Fire             3
   g - Mephitic Cloud                 Conjuration/Poison/Air       3
 u - a book of Changes

   Spells                             Type                      Level
   a - Beastly Appendage              Transmutation                1
   b - Sticks to Snakes               Transmutation                2
   c - Spider Form                    Transmutation/Poison         3
   d - Ice Form                       Ice/Transmutation            4
   e - Blade Hands                    Transmutation                5
Comestibles
 c - 4 bread rations
 j - 2 fruits
 o - a slice of pizza
 r - 3 meat rations


   Skills:
 + Level 0.4 Fighting
 + Level 2.1 Short Blades
 + Level 0.1 Maces & Flails
 + Level 2.0 Dodging
 + Level 1.8 Stealth
 + Level 2.6 Spellcasting
 + Level 1.7 Conjurations
 + Level 3.7 Fire Magic


You had 2 spell levels left.
You knew the following spells:

 Your Spells              Type           Power        Failure   Level  Hunger
a - Flame Tongue          Conj/Fire      ##...        10%         1    #......
b - Throw Flame           Conj/Fire      ##....       12%         2    ##.....
c - Conjure Flame         Conj/Fire      ##......     21%         3    ###....
d - Beastly Appendage     Tmut           #.....       21%         1    #......


Dungeon Overview and Level Annotations

Branches:
Dungeon (4/15)
 Temple: D:4-7

Altars:
Ashenzari

Annotations:
D:3 Natasha
D:4 removeelyvilon's ghost, novice VSTm


Innate Abilities, Weirdness & Mutations

You have a pair of small antennae on your head.
You are partially covered in molten scales. (AC +2)


Message History

The orc wizard casts a spell.
The orc wizard blinks!
Removeelyvilon's ghost hits you but does no damage.
The orc wizard gestures wildly while chanting.
The orc wizard blinks!
The orc wizard hits you with a dagger.
You closely miss the orc wizard.
The orc wizard gestures wildly while chanting.
Removeelyvilon's ghost closely misses you.
The orc wizard closely misses you.
Removeelyvilon's ghost says, "You will join me soon!"
Removeelyvilon's ghost hits you.
You hit the orc wizard.
The orc wizard is lightly wounded.
The orc wizard gestures wildly while chanting.
The orc wizard blinks!
Removeelyvilon's ghost hits you!
* * * LOW HITPOINT WARNING * * *
The orc wizard is no longer moving quickly.
The orc wizard gestures wildly while chanting.
The orc wizard seems to speed up.
Removeelyvilon's ghost hits you.
You die...

## .. #. #. #.
###############
#.##........o....######
.....###.#######@.....#
>.<...(..#######W####.#
#.######.........# #.#
#. #########o# #.# ..
#.# #.# ## #.# #.# #.#
#.# #.# #.#
######.####...


You could see 2 orc wizards and removeelyvilon's ghost.

Vanquished Creatures
  A bullfrog skeleton (D:3)
  Natasha (D:3)
  3 adders (D:2)
  2 worms
  A dart slug (D:2)
  3 orcs
  3 giant cockroaches
  5 goblins
  6 hobgoblins
  3 jackals (D:2)
  A quokka (D:2)
  3 ball pythons
  2 bats (D:2)
  3 frilled lizards
  15 kobolds
  11 rats
63 creatures vanquished.

Notes
Turn   | Place    | Note
-------+----------+-------------------------------------------
     0 | D:1      | thrall606 the Demonspawn Fire Elementalist began the quest for the Orb.
     0 | D:1      | Reached XP level 1. HP: 13/13 MP: 3/3
   425 | D:1      | Reached skill level 3 in Fire Magic
   469 | D:1      | Gained mutation: You are partially covered in molten scales. (AC +2) [demonic ancestry]
   469 | D:1      | Reached XP level 2. HP: 7/19 MP: 3/5
   610 | D:1      | Learned a level 2 spell: Throw Flame
  1248 | D:2      | Gained mutation: You have a pair of small antennae on your head. [demonic ancestry]
  1248 | D:2      | Reached XP level 3. HP: 24/24 MP: 6/6
  1288 | D:2      | Reached skill level 1 in Short Blades
  1357 | D:2      | Learned a level 3 spell: Conjure Flame
  1659 | D:2      | Reached XP level 4. HP: 20/30 MP: 1/7
  1923 | D:3      | Noticed Natasha
  1932 | D:3      | Killed Natasha
  2210 | D:3      | Reached XP level 5. HP: 29/36 MP: 5/8
  2225 | D:3      | Noticed Natasha
  2252 | D:3      | Found a shattered altar of Ashenzari.
  2637 | D:4      | Learned a level 1 spell: Beastly Appendage
  2693 | D:4      | Noticed removeelyvilon's ghost (novice VSTm)
  2731 | D:4      | Slain by removeelyvilon's ghost

Skill      XL: |  1  2  3  4 |
---------------+-------------+-----
Fire Magic     | 3 |  3.7
Short Blades   | 1 2 |  2.1
Dodging        | 2 |  2.0
Fighting       | |  0.4
Maces & Flails | |  0.1
Stealth        | |  1.8
Spellcasting   | |  2.6
Conjurations   | |  1.7

Action                   |  1- 3 |  4- 6 || total
-------------------------+-------+-------++-------
Melee: Club              |    16 |       ||    16
       Unarmed           |     7 |       ||     7
       Short sword       |    90 |    26 ||   116
       Kick              |       |     1 ||     1
 Cast: Flame Tongue      |    15 |       ||    15
       Throw Flame       |    23 |    20 ||    43
       Beastly Appendage |       |     2 ||     2
  Use: Potion            |     2 |       ||     2
       Scroll            |     2 |     2 ||     4
  Eat: Chunk             |     4 |     5 ||     9
Armor: Robe              |    17 |     6 ||    23
       Ice dragon scales |    26 |       ||    26
Dodge: Dodged            |    83 |    21 ||   104
